Match 41133943
Unlisted
Match 41133943
End
Vickers Machine Gun Team
Construct Section Command Post
Infantry Section
ML 3-inch Mortar Team
Infantry Section
Construct Platoon Command Post
6-pounder Anti-tank Gun Team
CMP 15cwt Truck
Construct Company Command Post
Infantry Training
Unlock Bishop Self-propelled Artillery
Bishop Self-propelled Artillery
Light Vehicle Training
Selects Indian Artillery Battlegroup
Selects Artillery Saturation
Selects Off-map Airburst Barrage
Selects BL5.5 Artillery Emplacement
Bishop Self-propelled Artillery
Crusader II Medium Tank
Armored Vehicle Training
PIZZADAYO
Warheads
lem22
Lyara
Erwin
Sgt wiggumZ
Sher
Kalof
0
0
Comments sign in to comment!
No comments posted yet!